 Dungeon Crawl Stone Soup version 0.31-a0-354-g827e0957a7 (webtiles) character file.

Game seed: 3116803219971296020

59 Flugkiller the Ruffian (level 3, -1/30 HPs)
             Began as a Demigod Shapeshifter on July 23, 2023.
             Slain by Robin
             ... wielding a +6 club
              (3 damage)
             ... on level 2 of the Dungeon.
             The game lasted 00:01:18 (1545 turns).

Flugkiller the Ruffian (Demigod Shapeshifter)       Turns: 1545, Time: 00:01:19

Health: -1/30      AC: 11    Str: 20    XL:     3   Next: 54%
Magic:  5/5        EV:  8    Int: 10    God:
Gold:   142        SH:  0    Dex: 14    Spells: 2/2 levels left

rFire   . .          .
                       - Unarmed
rCold   . . .        (no shield)
rNeg    . . .        j - +0 chain mail
rPois   .            d - +0 helmet
rElec   .            (no cloak)
rCorr   .            (no gloves)
SInv    .            e - +1 pair of boots
Will    .....        (no amulet) Stlth
                     (no ring)
HPRegen 0.25/turn    (no ring)
MPRegen 0.09/turn

%: no passive effects
@: no status effects
A: high MP 1, forlorn, divine attributes
a: no special abilities


You were on level 2 of the Dungeon.
You visited 1 branch of the dungeon, and saw 2 of its levels.

You collected 142 gold pieces.

Inventory:

Armour
 d - a +0 helmet (worn)
   (You found it on level 1 of the Dungeon)
 e - a +1 pair of boots (worn)
   (You found it on level 1 of the Dungeon)
 j - a +0 chain mail (worn)
   (You found it on level 1 of the Dungeon)
Talismans
 c - a beast talisman
Scrolls
 g - 2 scrolls of blinking {unknown}
 i - a scroll of identify {unknown}
 k - a scroll of vulnerability {unknown}
 l - a scroll of fog {unknown}
 m - a scroll of fear {unknown}
 n - a scroll of immolation {unknown}
 o - a scroll of silence {unknown}
Potions
 b - 2 potions of lignification
 f - 3 potions of curing {unknown}
 h - a potion of berserk rage {unknown}


   Skills:
 + Level 2.4 Fighting
 - Level 1.7 Dodging
 + Level 3.6 Unarmed Combat
 - Level 2.6 Shapeshifting


You had 2 spell levels left.
You didn't know any spells.
Your spell library was empty.

Dungeon Overview and Level Annotations

Branches:
Dungeon (2/15) Zot: 10458

Annotations:
D:2 Robin


Innate Abilities, Weirdness & Mutations

You have an increased reservoir of magic. (+10% MP)
You shall have no god before yourself.
Your divine heritage dramatically boosts your attributes as you level up.


Message History

No target in view!
No target in view!
No target in view!
n - the +0 ring mail "Geggoxa" {Int+5} You drop the +0 ring mail "Geggoxa" {Int+5}.
You see here a ball python corpse.
n - a scroll labelled JIKHLU DEHABI QOD You now have 142 gold pieces (gained 8).
o - a scroll labelled DAFYAH SUOMUMIBU As you open the door, it creaks loudly!
There is an open door here.
You open the door.
There is an open door here.
You open the large door.
There is a large open door here.
There is a large open door here.
There is a large open door here.
There is a large open door here. 6 goblins come into view.
The goblin shouts! x4
The goblin moves out of view. x3
You drop a +0 animal skin.
Robin of the Strong Arm comes into view.
They are wielding a +6 club.
You hit the goblin.
You kill the goblin!
You hit the goblin.
The goblin is heavily wounded.
You hit the goblin.
You kill the goblin!
Robin shouts!
Robin roars a battlecry!
The goblins go into a battle-frenzy!
The goblin hits you but does no damage.
You hear a shout!
Things that are here:
a +0 dagger; a +0 club; a goblin corpse You closely miss the goblin.
You hear a shout! x2
The goblin hits you but does no damage.
You hit the goblin.
The goblin is heavily wounded.
The goblin hits you but does no damage.
You hit the goblin.
You kill the goblin!
Robin roars a battlecry!
You punch the goblin!
You kill the goblin!
Robin throws the goblin at you! The goblin barely misses you.
You punch the goblin!
You kill the goblin!
Robin says, "A pitiful Demigod like you will never find the ORB!"
You hit the goblin but do no damage. Robin throws the goblin at you!
The goblin hits you but does no damage.
A goblin comes into view. It is wielding a +0 club.
The goblin hits you but does no damage.
You closely miss the goblin. The goblin closely misses you.
The goblin hits you with a +0 club.
You closely miss the goblin.
Robin roars a battlecry!
The goblin hits you but does no damage.
A goblin comes into view. It is wielding a +0 club.
The goblin hits you with a +0 club.
You hit the goblin.
You kill the goblin!
The goblin hits you but does no damage.
You hit Robin but do no damage. The goblin hits you but does no damage.
You closely miss the goblin. You punch the goblin!
You kill the goblin!
Robin hits you with a +6 club!
You hit Robin.
Robin is lightly wounded.
Robin hits you but does no damage.
You hit Robin but do no damage.
Robin is lightly wounded.
Robin hits you with a +6 club.
You hit Robin but do no damage.
Robin is lightly wounded.
Robin throws the goblin at you! The goblin hits you but does no damage.
You hit the goblin.
The goblin is severely wounded.
Robin hits you but does no damage. The goblin hits you but does no damage.
You barely miss the goblin.
The goblin is severely wounded.
Robin hits you with a +6 club!
* * * LOW HITPOINT WARNING * * *
The goblin completely misses you.
You barely miss the goblin.
The goblin is severely wounded.
Robin hits you with a +6 club.
* * * LOW HITPOINT WARNING * * *
The goblin hits you but does no damage.
You closely miss the goblin.
The goblin is severely wounded.
The goblin hits you with a +0 club.
* * * LOW HITPOINT WARNING * * *
You hit the goblin.
You kill the goblin!
Robin hits you with a +6 club.
You die...

######
############....###
#gg@).............#
#.##########.##.#.##
... #....#..#.#.
##.. #.####..#.#.


#gg #...<#>..... #.. #.........#. g.. #.......###. ### .#####.......
#.........###+ You could see Robin and a goblin (strong).

Vanquished Creatures
  2 adders (D:2)
  A dart slug (D:1)
  3 ball pythons
  9 bats
  2 endoplasms (D:1)
  11 goblins
  2 hobgoblins (D:1)
  2 quokkas (D:1)
  3 kobolds (D:1)
  3 rats
38 creatures vanquished.

Notes
Turn   | Place    | Note
-------+----------+-------------------------------------------
     0 | D:1      | Flugkiller the Demigod Shapeshifter began the quest for the
                  | Orb.
     0 | D:1      | Reached XP level 1. HP: 15/15 MP: 3/3
    16 | D:1      | Reached skill level 1 in Fighting
   190 | D:1      | Reached skill level 3 in Unarmed Combat
   235 | D:1      | Reached XP level 2. HP: 13/23 MP: 4/4
  1076 | D:2      | Reached XP level 3. HP: 13/29 MP: 5/5
  1423 | D:2      | Identified the +0 ring mail "Geggoxa" {Int+5}
  1519 | D:2      | Noticed Robin
  1544 | D:2      | HP: 1/30 [goblin/+0 club[Robin] (6)]
  1545 | D:2      | Slain by Robin

Illustrated notes

Levels and vault maps discovered:
D:1:      minmay_arrival_shoal_huts, layout_loops_ring, minmay_domino_4
D:2:      layout_basic, ebering_ecumenical_altar_mist,
          corexii_item_surrounded_by_moat, uniq_robin

Skill      XL: |  1  2 |
---------------+-------+-----
Fighting       | 1 2 |  2.4
Unarmed Combat | 3 |  3.6
Dodging        | |  1.7
Shapeshifting  | |  2.6

Action                     || total
---------------------------++-------
  Melee: Unarmed           ||   146
         Punch             ||     5
 Armour: Animal skin       ||    28
         Chain mail        ||    56
  Dodge: Dodged            ||    85
         Form:             ||     1

Table legend: (Time is in decaauts)
 A = Elapsed time spent in this place.
 B = Non-inter-level travel time spent in this place.
 C = Inter-level travel time spent in this place.
 D = Time resting spent in this place.
 E = Time spent auto-exploring this place.
 F = Levels seen in this place.
 G = Mean time per level.
                   A        B        C        D        E       F      G
               +--------+--------+--------+--------+--------+-----+--------+
         Total |   1540 |   1485 |     55 |    241 |    901 |   2 |  770.0 |
       Dungeon |   1540 |   1485 |     55 |    241 |    901 |   2 |  770.0 |
               +--------+--------+--------+--------+--------+-----+--------+

Top non-repeatable levels by time:
     D:1: 980 daAuts
     D:2: 560 daAuts
